 Dungeon Crawl Stone Soup version 0.29-a0-304-gb34f9e133a (webtiles) character file.

Game seed: 17695400501706316144

17 sanka the Conjurer (level 2, 20/20 HPs)
             Began as a Gnoll Conjurer on Mar 26, 2022.
             Was a Follower of Trog.
             Quit the game on level 1 of the Dungeon.
             The game lasted 00:00:43 (506 turns).

sanka the Conjurer (Gnoll Conjurer)                  Turns: 506, Time: 00:00:44

Health: 20/20      AC:  2    Str:  6    XL:     2   Next: 62%
Magic:  7/7        EV: 13    Int: 17    God:    Trog [*.....]
Gold:   73         SH:  0    Dex: 10    Spells: 9/10 levels left

rFire   . . .      SeeInvis .   (no weapon)
rCold   . . .      Faith    .   (no shield)
rNeg    . . .      Spirit   .   a - +0 robe
rPois   .          Reflect  .   (no helmet)
rElec   .          Harm     .   (no cloak)
rCorr   .          Rampage  .   (no gloves)
Will    .....                   (no boots)
Stlth   ++........              (no amulet)
HPRegen 0.06/turn               (no ring)
MPRegen 0.10/turn               (no ring)

@: no status effects
A: fangs 1, strong nose, distributed training
a: Renounce Religion, Berserk


You were on level 1 of the Dungeon.
You worshipped Trog.
Trog was aware of your devotion.
You visited 1 branch of the dungeon, and saw 1 of its levels.

You collected 73 gold pieces.


Innate Abilities, Weirdness & Mutations

You have very sharp teeth.
Your uncanny sense of smell can sniff out nearby items.
Your experience applies equally to all skills.


   Skills:
 + Level 0.5 Fighting
 + Level 0.5 Short Blades
 + Level 0.5 Long Blades
 + Level 0.5 Axes
 + Level 0.5 Maces & Flails
 + Level 0.5 Polearms
 + Level 0.5 Staves
 + Level 0.5 Slings
 + Level 0.5 Bows
 + Level 0.5 Crossbows
 + Level 0.5 Throwing
 + Level 0.5 Armour
 + Level 4.5 Dodging
 + Level 4.1 Stealth
 + Level 0.5 Shields
 + Level 0.5 Unarmed Combat
 + Level 4.9 Spellcasting
 + Level 7.0 Conjurations
 + Level 0.3 Hexes
 + Level 0.3 Summonings
 + Level 0.3 Necromancy
 + Level 0.3 Translocations
 + Level 0.3 Transmutations
 + Level 0.3 Fire Magic
 + Level 0.3 Ice Magic
 + Level 0.3 Air Magic
 + Level 0.3 Earth Magic
 + Level 0.3 Poison Magic
 + Level 0.6 Invocations
 + Level 0.5 Evocations


You had 9 spell levels left.
You knew the following spells:

 Your Spells              Type           Power      Damage    Failure   Level
z - Magic Dart            Conj           100%       1d8       1%          1

Your spell library contained the following spells:

 Spells                   Type           Power      Damage    Failure   Level
 Searing Ray              Conj           56%        2d6       1%          2
 Dazzling Flash           Conj/Hex       32%        N/A       10%         3
 Fulminant Prism          Conj/Hex       8%         3d7       30%         4
 Iskenderun's Mystic Bla  Conj/Tloc      16%        2d5       30%         4

Inventory:

Armour
 a - a +0 robe (worn)
Scrolls
 e - a scroll of brand weapon {unknown}
 f - a scroll of magic mapping {unknown}
Potions
 b - a potion of magic
 c - 2 potions of curing {unknown}
 d - a potion of brilliance {unknown}

Dungeon Overview and Level Annotations

Branches:
Dungeon (1/15)

Altars:
Trog

▒▒...............▒▒.....
▒▒...▒▒..................
▒....▒▒.▒▒▒▒.............
▒▒.▒▒▒▒▒.▒▒▒▒.............
▒..†...P..P..............)
▒.▒▒.P..≈..f..............
▒...▒▒▒▒.f.............▒▒.
▒.P.....▒▒▒............▒▒.
▒.PP.P.P.g▒▒▒..........▒▒.
▒.PfP⌠..▒▒▒............▒▒.
▒.P..⌠... ▒............▒▒▒
▒.≈f..⌠.. ▒..▒▒▒▒▒▒▒▒▒▒▒
▒...P...▒▒▒..
▒..P.........
▒..ff........ ....▒▒▒


There were no monsters in sight!


Message History

You now have 40 gold pieces (gained 4).
A goblin comes into view. It is wielding a +0 club.
A goblin is nearby!
The magic dart hits the goblin.
The goblin is severely wounded.
The magic dart hits the goblin.
You kill the goblin!
You can't see any susceptible monsters within range! (Use Z to cast anyway.)
Found 10 gold pieces.
Found a scroll labelled NUECRU YTOC.
e - a scroll labelled JORGHO ILYUPO
Found a stone staircase leading down.
Found 8 gold pieces.
You now have 55 gold pieces (gained 15).
Things that are here:
a +0 club; a goblin corpse You now have 65 gold pieces (gained 10).
You now have 73 gold pieces (gained 8).
There is a stone staircase leading down here.
Found 32 stones.
f - a scroll labelled NUECRU YTOC
Found a faded altar of an unknown god.
There is a faded altar of an unknown god here.
You cannot tell which god this altar belongs to.
Convert to them anyway?
Trog accepts your prayer! Trog welcomes you!
You can now go berserk at will.
Unknown command.
Press < or > to pray at altars.
Are you sure you want to abandon this character and quit the game? (Confirm with "yes".)

Action                   || total
-------------------------++-------
Melee: Unarmed           ||     7
       Bite              ||     1
 Cast: Magic Dart        ||    24
Dodge: Dodged            ||     7

Levels and vault maps discovered:
D:1:      sevenhm_arrival_forest_fort_small_3, layout_rooms,
          shapermc_ecumenical_altar_mp_ritualfount, minmay_misc_feat_ornament,
          serial_park_tiny_pond, minmay_misc_feat_x,
          chequers_serial_rivers_micro_e

Notes
Turn   | Place    | Note
-------+----------+-------------------------------------------
     0 | D:1      | sanka the Gnoll Conjurer began the quest for the Orb.
     0 | D:1      | Reached XP level 1. HP: 13/13 MP: 6/6
   132 | D:1      | Reached XP level 2. HP: 19/19 MP: 0/7
   502 | D:1      | Found a faded altar of an unknown god.
   505 | D:1      | Prayed at the altar of an unknown god.
   505 | D:1      | Became a worshipper of Trog the Wrathful
   505 | D:1      | Reached * piety under Trog
   506 | D:1      | Quit the game

Vanquished Creatures
  A goblin (D:1)
  A hobgoblin (D:1)
  3 jackals (D:1)
  A kobold (D:1)
  3 quokkas (D:1)
  3 ball pythons (D:1)
  3 rats (D:1)
15 creatures vanquished.
